 Dungeon Crawl Stone Soup version 0.30-a0-4-ga7cffc901d (webtiles) character file.

Game seed: 161160878431048584

2 xian the Sneak (level 1, -2/9 HPs)
             Began as a Spriggan Enchanter on Aug 21, 2022.
             Slain by a hobgoblin (5 damage)
             ... on level 1 of the Dungeon.
             The game lasted 00:00:55 (91 turns).

xian the Sneak (Spriggan Enchanter)                   Turns: 91, Time: 00:00:56

Health: -2/9       AC:  2    Str:  4    XL:     1   Next: 25%
Magic:  5/5        EV: 17    Int: 16    God:
Gold:   0          SH:  0    Dex: 15    Spells: 5/5 levels left

rFire   . . .      SeeInvis +    a - +1 dagger
rCold   . . .      Faith    .    (no shield)
rNeg    . . .      Spirit   .    b - +0 robe
rPois   .          Reflect  .    (helmet restricted)
rElec   .          Harm     .    (no cloak)
rCorr   .          Rampage  .    (gloves unavailable)
Will    .....                    (boots unavailable)
Stlth   +++.......               (no amulet)
HPRegen 0.03/turn                (no ring)
MPRegen 0.09/turn                (no ring)

@: very quick
A: very small, no large weapons, unfitting armour, see invisible, speed 3
a: no special abilities


You were on level 1 of the Dungeon.
You visited 1 branch of the dungeon, and saw 1 of its levels.

Inventory:

Hand Weapons
 a - a +1 dagger (weapon)
Armour
 b - a +0 robe (worn)
Scrolls
 e - a scroll of teleportation {unknown}
Potions
 c - 2 potions of invisibility
 d - 2 potions of haste {unknown}


   Skills:
 * Level 1.1 Short Blades
 + Level 2.7 Dodging
 + Level 4.4 Stealth
 + Level 2.7 Spellcasting
 + Level 3.7 Hexes


You had 5 spell levels left.
You didn't know any spells.
Your spell library contained the following spells:

 Spells                   Type           Power      Damage    Failure   Level
 Confusing Touch          Hex            14%        N/A       13%         3
 Tukima's Dance           Hex            14%        N/A       13%         3
 Ensorcelled Hibernation  Hex/Ice        16%        N/A       14%         2
 Dazzling Flash           Conj/Hex       16%        N/A       26%         3


Dungeon Overview and Level Annotations

Branches:
Dungeon (1/15)

Altars:


Innate Abilities, Weirdness & Mutations

You are very small and have problems with some larger weapons.
You are too small for most types of armour.
You have supernaturally acute eyesight. (SInv)
You cover ground extremely quickly. (Speed+++)


Message History

The goblin is severely wounded.
The goblin misses you.
You closely miss the goblin.
The goblin is severely wounded.
The goblin barely misses you. The hobgoblin barely misses you.
You hit the goblin but do no damage.
The goblin is severely wounded.
The goblin misses you. The hobgoblin closely misses you.
You barely miss the goblin.
The goblin is severely wounded.
The goblin hits you with a +0 dagger. The hobgoblin misses you.
You closely miss the goblin.
The goblin is severely wounded.
The hobgoblin misses you. The goblin barely misses you.
You barely miss the goblin.
The goblin is severely wounded.
The goblin barely misses you. The hobgoblin completely misses you.
You closely miss the goblin.
The goblin is heavily wounded.
The goblin hits you but does no damage. The hobgoblin hits you.
You hit the hobgoblin.
The hobgoblin is lightly wounded.
You hit the hobgoblin.
The hobgoblin is severely wounded.
The goblin completely misses you. The hobgoblin closely misses you.
You hit the hobgoblin but do no damage.
The hobgoblin is severely wounded.
The goblin barely misses you. The hobgoblin misses you.
You hit the hobgoblin.
The hobgoblin is almost dead.
The goblin barely misses you. The hobgoblin closely misses you.
You hit the hobgoblin.
You kill the hobgoblin!
The goblin barely misses you. The hobgoblin misses you.
You hit the goblin.
You kill the goblin!
The hobgoblin hits you.
Ouch! That really hurt!
You die...

### ######
..#######....#
.............########
.....>.........)@...#
...............g....#
####..#.............#
####................#
...............######
...............#
...............#
....#..........#
...............#


You could see a hobgoblin.

Vanquished Creatures
  A goblin (D:1)
  A hobgoblin (D:1)
  A rat (D:1)
3 creatures vanquished.

Notes
Turn   | Place    | Note
-------+----------+-------------------------------------------
     0 | D:1      | xian the Spriggan Enchanter began the quest for the Orb.
     0 | D:1      | Reached XP level 1. HP: 9/9 MP: 5/5
    91 | D:1      | Slain by a hobgoblin

Illustrated notes

Levels and vault maps discovered:
D:1:      dpeg_arrival_tiny_c, layout_basic

Action                   || total
-------------------------++-------
Melee: Dagger            ||    16
Armor: Robe              ||     2
Dodge: Dodged            ||    24

Table legend: (Time is in decaauts)
 A = Elapsed time spent in this place.
 B = Non-inter-level travel time spent in this place.
 C = Inter-level travel time spent in this place.
 D = Time resting spent in this place.
 E = Time spent auto-exploring this place.
 F = Levels seen in this place.
 G = Mean time per level.
                   A        B        C        D        E       F      G
               +--------+--------+--------+--------+--------+-----+--------+
         Total |     60 |     60 |      0 |      0 |      8 |   1 |   60.0 |
       Dungeon |     60 |     60 |      0 |      0 |      8 |   1 |   60.0 |
               +--------+--------+--------+--------+--------+-----+--------+

Top non-repeatable levels by time:
     D:1: 60 daAuts
